 Dungeon Crawl Stone Soup version 0.31-a0-343-g456c268693 (webtiles) character file.

Game seed: 11414298843334526786

3036 IndexError the Magician (level 9, 0/66 HPs)
             Began as a Gnoll Fire Elementalist on July 21, 2023.
             Was a Follower of Vehumet.
             Killed themself with a badly aimed concussive blast (13 damage)
             ... on level 7 of the Dungeon.
             The game lasted 00:11:42 (8914 turns).

IndexError the Magician (Gnoll Fire Elementalist)   Turns: 8914, Time: 00:11:43

Health: 0/66       AC:  7    Str:  7    XL:     9   Next: 86%
Magic:  6/19       EV: 14    Int: 19    God:    Vehumet [*.....]
Gold:   467        SH:  0    Dex: 13    Spells: 13/22 levels left

rFire   . . .        E - +2 dagger (elec)
rCold   . . .        (no shield)
rNeg    . . .        a - +0 robe
rPois   +            H - +1 helmet of Kekhih {rPois Slay+3 Stlth+}
rElec   .            (no cloak)
rCorr   +            r - +0 pair of gloves
SInv    .            A - +0 pair of boots
Will    .....        (no amulet)
Stlth   ++++         G - ring of resist corrosion
HPRegen 0.31/turn    (no ring)
MPRegen 0.16/turn

%: no passive effects
@: no status effects
A: fangs 1, strong nose, distributed training
a: Renounce Religion


You were on level 7 of the Dungeon.
You worshipped Vehumet.
Vehumet was aware of your devotion.
You visited 2 branches of the dungeon, and saw 11 of its levels.

You collected 467 gold pieces.

Inventory:

Hand Weapons
 f - a +3 dagger of speed
   (You took it off a kobold on level 1 of the Dungeon)
 E - a +2 dagger of electrocution (weapon)
   (You took it off an orc on level 5 of the Dungeon)
Missiles
 u - 4 javelins
Armour
 a - a +0 robe (worn)
 r - a +0 pair of gloves (worn)
   (You found it on level 3 of the Dungeon)
 A - a +0 pair of boots (worn)
   (You found it on level 4 of the Dungeon)
 H - the +1 helmet of Kekhih (worn) {rPois Slay+3 Stlth+}
   (You found it on level 6 of the Dungeon)

   Slay:      It affects your accuracy & damage with ranged weapons and melee
   (+3).
   rPois:     It protects you from poison.
   Stlth:     It makes you more stealthy.
Jewellery
 G - a ring of resist corrosion (left hand)
   (You took it off an orc on level 6 of the Dungeon)
 J - a ring of ice {rC+, rF-}
   (You found it on level 9 of the Dungeon)
Wands
 t - a wand of polymorph (13)
   (You took it off Ijyb on level 3 of the Dungeon)
 v - a wand of flame (15)
   (You found it on level 3 of the Dungeon)
 w - a wand of roots (8)
   (You found it on level 4 of the Dungeon)
 D - a wand of mindburst (4)
   (You found it on level 5 of the Dungeon)
Scrolls
 d - 5 scrolls of identify {unknown}
 e - a scroll of butterflies {unknown}
 h - a scroll of blinking {unknown}
 s - 2 scrolls of enchant armour {unknown}
 x - a scroll of fear {unknown}
 y - a scroll of acquirement {unknown}
 z - 2 scrolls of teleportation {unknown}
 B - a scroll of vulnerability {unknown}
 C - a scroll of immolation {unknown}
 F - a scroll of torment {unknown}
 I - a scroll of amnesia {unknown}
Potions
 b - a potion of magic
 c - a potion of might {unknown}
 g - a potion of cancellation {unknown}
 i - 3 potions of lignification {unknown}
 j - 7 potions of curing
 k - 3 potions of heal wounds {unknown}
 l - 3 potions of brilliance {unknown}
 m - 2 potions of attraction {unknown}
 n - a potion of resistance {unknown}
 o - 3 potions of mutation {unknown}
 p - a potion of enlightenment {unknown}
 q - 2 potions of haste {unknown}


   Skills:
 + Level 4.7 Fighting
 + Level 4.7 Short Blades
 + Level 4.7 Long Blades
 + Level 4.7 Axes
 + Level 4.7 Maces & Flails
 + Level 4.7 Polearms
 + Level 4.7 Staves
 + Level 4.7 Ranged Weapons
 + Level 4.7 Throwing
 + Level 4.7 Armour
 + Level 6.6 Dodging
 + Level 6.4 Stealth
 + Level 4.7 Shields
 + Level 4.7 Unarmed Combat
 + Level 7.0 Spellcasting
 + Level 4.5 Conjurations
 + Level 3.9 Hexes
 + Level 3.9 Summonings
 + Level 3.9 Necromancy
 + Level 3.9 Translocations
 + Level 3.9 Transmutations
 + Level 6.8 Fire Magic
 + Level 3.9 Ice Magic
 + Level 3.9 Air Magic
 + Level 3.9 Earth Magic
 + Level 3.9 Poison Magic
 + Level 5.2 Invocations
 + Level 4.7 Evocations
 + Level 3.9 Shapeshifting


You had 13 spell levels left.
You knew the following spells:

 Your Spells              Type           Power      Damage    Failure   Level
a - Foxfire               Conj/Fire      100%       2x1d9     1%          1
b - Scorch                Fire           64%        2d8       1%          2
c - Inner Flame           Hex/Fire       27%        N/A       3%          3
d - Volatile Blastmotes   Fire/Tloc      54%        2d14      3%          3

Your spell library contained the following spells:

 Spells                   Type           Power      Damage    Failure   Level
 Shock                    Conj/Air       88%        1d8       1%          1
 Wereblood                Tmut           21%        N/A       3%          2
 Ozocubu's Armour         Ice            21%        N/A       6%          3
 Portal Projectile        Hex/Tloc       42%        N/A       6%          3
 Tukima's Dance           Hex            21%        N/A       6%          3
 Flame Wave               Conj/Fire      28%        2d9       10%         4
 Iskenderun's Mystic Bla  Conj/Tloc      22%        2d6       19%         4
 Passage of Golubria      Tloc           21%        N/A       21%         4
 Irradiate                Conj/Tmut      11%        3d15      45%         5
 Metabolic Englaciation   Hex/Ice        10%        N/A       50%         5
 Yara's Violent Unravell  Hex/Tmut       10%        3d6       50%         5
 Simulacrum               Ice/Necr       10%        N/A       97%         6


Dungeon Overview and Level Annotations

Branches:
Dungeon (10/15)            Temple (1/1) D:6
   Lair: D:8-11         Orc: D:9-12

Altars:
Ashenzari
Cheibriados
Dithmenos
Elyvilon
Fedhas
Gozag
Hepliaklqana
Kikubaaqudgha
Makhleb
Nemelex Xobeh
Okawaru
Qazlal
Ru
Sif Muna
Trog
Uskayaw
Vehumet
Wu Jian
Xom
Zin
The Shining One

Shops:
D:3 [


Innate Abilities, Weirdness & Mutations

You have very sharp teeth.
Your uncanny sense of smell can sniff out nearby items.
Your experience applies equally to all skills.


Message History

You now have 15/19 mp.
You conjure some foxfire!
The killer bee buzzes angrily.
You hear an angry buzzing noise.
A killer bee comes into view.
You now have 15/19 mp.
You conjure some foxfire!
A killer bee comes into view.
The foxfire hits the killer bee.
You now have 14/19 mp.
You conjure some foxfire!
The foxfire hits the killer bee.
A killer bee comes into view.
The foxfire hits the killer bee.
You now have 13/19 mp.
You conjure some foxfire!
The foxfire hits the killer bee. x2
A killer bee comes into view. x2
The foxfire hits the killer bee.
Vehumet accepts your kill.
Your Spellcasting skill increases to level 7!
You now have 12/19 mp.
You conjure some foxfire!
The foxfire hits the killer bee.
The foxfire hits the killer bee but does no damage.
You now have 11/19 mp.
You conjure some foxfire!
The foxfire hits the killer bee.
The foxfire hits the killer bee!
The killer bee stings you but does no damage.
The killer bee stings you. The killer bee barely misses you.
You take 1 damage, and have 65/66 hp.
You conjure some foxfire!
The foxfire hits the killer bee. x2
The killer bee barely misses you. The killer bee completely misses you.
The killer bee misses you.
You now have 10/19 mp.
You conjure some foxfire!
The foxfire hits the killer bee but does no damage. x2
The killer bee stings you! The killer bee stings you.
The killer bee closely misses you. The killer bee stings you!
The killer bee barely misses you. The killer bee closely misses you.
The killer bee stings you.
You take 22 damage, and have 43/66 hp.
MASSIVE DAMAGE!!
You now have 9/19 mp.
You conjure some foxfire!
The foxfire hits the killer bee. x2
The killer bee stings you but does no damage.
The killer bee closely misses you. x2; The killer bee stings you. x2
The killer bee barely misses you. The killer bee stings you.
The killer bee stings you but does no damage. x2
The killer bee barely misses you.
You take 13 damage, and have 30/66 hp.
You now have 8/19 mp.
You are too injured to fight recklessly!
You are too injured to fight recklessly!
The killer bee attacks as you move away!
The killer bee stings you but does no damage.
The killer bee attacks as you move away!
The killer bee stings you.
The killer bee attacks as you move away!
The killer bee stings you.
You are poisoned.
The killer bee poisons you!
You feel sick.
The foxfire hits the killer bee.
The killer bee closely misses you. x2
You take 6 damage, and have 24/66 hp.
The killer bee attacks as you move away!
The killer bee closely misses you.
You feel sick. The killer bee stings you. The killer bee barely misses you.
You take 3 damage, and have 21/66 hp.
You feel sick.
The killer bee stings you but does no damage.
You take 1 damage, and have 20/66 hp.
You hit the killer bee.
You feel sick. The killer bee misses you. The killer bee closely misses you.
The killer bee barely misses you. The killer bee closely misses you.
You closely miss the killer bee.
You feel sick. The killer bee closely misses you.
The killer bee completely misses you. The killer bee stings you.
* * * LOW HITPOINT WARNING * * *
The killer bee barely misses you.
You take 5 damage, and have 15/66 hp.
You puncture the killer bee!
You feel sick. The killer bee closely misses you.
The killer bee barely misses you.
You take 1 damage, and have 14/66 hp.
You feel better. The killer bee stings you.
* * * LOW HITPOINT WARNING * * *
The killer bee completely misses you. The killer bee barely misses you.
The killer bee stings you.
* * * LOW HITPOINT WARNING * * *
You take 2 damage, and have 12/66 hp.
Okay, then.
Casting: Foxfire (safe; 1% risk of failure)
Confirm with . or Enter, or press ? or * to list all spells.
A cloud of volatile blastmotes flares up around you!
The killer bee barely misses you.
The killer bee stings you but does no damage.
The killer bee barely misses you.
The killer bee stings you but does no damage.
You now have 6/19 mp.
The killer bee attacks as you move away!
The killer bee closely misses you.
The killer bee attacks as you move away!
The killer bee stings you but does no damage.
The cloud of blastmotes explodes!
The concussive blast engulfs the killer bee. x2
Vehumet accepts your kill. The concussive blast engulfs you!
You die...

............. .....##...
...........† ####.......
...........##...#.......
..................§.....
.............###.§......
##..yyy.....###.......
###..#####^.....#....
...#.##y.# #..#...##.#.
#....@## #.###..####.
#.......# #..##..###..
.....###..###..##..##...
..... #...#...##.###...
.... ###.....##..##....
... ##........##.##....
... ...#......#.###...
...##.....#.......
...#..............


You could see 4 killer bees.

Vanquished Creatures
  Prince Ribbit (D:5)
  A wyvern (D:6)
  2 wraiths
  A water moccasin (D:6)
  An ice beast (D:6)
  A sky beast (D:6)
  A black bear (D:6)
  3 ogres
  A kobold brigand (D:6)
  A bullfrog (D:9)
  A gnoll sergeant (D:10)
  3 scorpions
  3 wights (D:6)
  8 killer bees
  A howler monkey (D:6)
  A crimson imp (D:8)
  4 hounds
  2 jellies
  2 orc priests
  5 orc wizards
  3 iguanas (D:4)
  3 sleepcaps
  Ijyb (D:3)
  9 gnolls
  8 adders
  A white imp (D:5)
  A worm (D:2)
  3 dart slugs
  30 orcs
  4 endoplasms
  7 giant cockroaches
  4 goblins
  3 hobgoblins
  7 quokkas
  6 ball pythons
  5 bats
  3 frilled lizards (D:1)
  2 goblin skeletons (D:8)
  2 hobgoblin zombies (D:8)
  7 kobolds
  A kobold skeleton (D:8)
  A kobold zombie (D:8)
  An orc zombie (D:8)
  6 rats (D:1)
161 creatures vanquished.

Vanquished Creatures (collateral kills)
  A foxfire (D:9)
1 creature vanquished.

Vanquished Creatures (others)
  A quokka (D:6)
  811 foxfires
812 creatures vanquished.

Grand Total: 974 creatures vanquished

Notes
Turn   | Place    | Note
-------+----------+-------------------------------------------
     0 | D:1      | IndexError the Gnoll Fire Elementalist began the quest for
                  | the Orb.
     0 | D:1      | Reached XP level 1. HP: 13/13 MP: 6/6
   107 | D:1      | Reached skill level 2 in Conjurations
   133 | D:1      | Reached XP level 2. HP: 19/19 MP: 1/7
   657 | D:1      | Learned a level 2 spell: Scorch
   902 | D:1      | Reached XP level 3. HP: 22/25 MP: 3/9
   903 | D:1      | Reached skill level 5 in Spellcasting
  1270 | D:2      | Reached skill level 1 in Invocations
  1390 | D:2      | Found a snail-covered altar of Cheibriados.
  1576 | D:2      | Reached skill level 1 in Fighting
  1576 | D:2      | Reached skill level 1 in Short Blades
  1576 | D:2      | Reached skill level 1 in Long Blades
  1576 | D:2      | Reached skill level 1 in Axes
  1576 | D:2      | Reached skill level 1 in Maces & Flails
  1576 | D:2      | Reached skill level 1 in Polearms
  1576 | D:2      | Reached skill level 1 in Staves
  1576 | D:2      | Reached skill level 1 in Ranged Weapons
  1576 | D:2      | Reached skill level 1 in Throwing
  1576 | D:2      | Reached skill level 1 in Armour
  1576 | D:2      | Reached skill level 1 in Shields
  1576 | D:2      | Reached skill level 1 in Unarmed Combat
  1576 | D:2      | Reached skill level 1 in Evocations
  1656 | D:2      | Reached XP level 4. HP: 32/32 MP: 8/11
  1958 | D:2      | Learned a level 3 spell: Inner Flame
  1962 | D:2      | Learned a level 3 spell: Volatile Blastmotes
  2013 | D:3      | Reached skill level 1 in Hexes
  2013 | D:3      | Reached skill level 1 in Summonings
  2013 | D:3      | Reached skill level 1 in Necromancy
  2013 | D:3      | Reached skill level 1 in Translocations
  2013 | D:3      | Reached skill level 1 in Transmutations
  2013 | D:3      | Reached skill level 1 in Ice Magic
  2013 | D:3      | Reached skill level 1 in Air Magic
  2013 | D:3      | Reached skill level 1 in Earth Magic
  2013 | D:3      | Reached skill level 1 in Poison Magic
  2013 | D:3      | Reached skill level 1 in Shapeshifting
  2474 | D:3      | Noticed Ijyb
  2553 | D:3      | Killed Ijyb
  2554 | D:3      | Reached XP level 5. HP: 34/37 MP: 2/12
  2738 | D:3      | Found Ehuepni's Armour Shoppe.
  3371 | D:4      | HP: 8/37 [sleepcap (3)]
  3512 | D:4      | Reached skill level 2 in Invocations
  3512 | D:4      | Reached XP level 6. HP: 44/44 MP: 6/13
  3575 | D:4      | Found a broken altar of Ashenzari.
  3670 | D:4      | Reached skill level 2 in Fighting
  3670 | D:4      | Reached skill level 2 in Short Blades
  3670 | D:4      | Reached skill level 2 in Long Blades
  3670 | D:4      | Reached skill level 2 in Axes
  3670 | D:4      | Reached skill level 2 in Maces & Flails
  3670 | D:4      | Reached skill level 2 in Polearms
  3670 | D:4      | Reached skill level 2 in Staves
  3670 | D:4      | Reached skill level 2 in Ranged Weapons
  3670 | D:4      | Reached skill level 2 in Throwing
  3670 | D:4      | Reached skill level 2 in Armour
  3670 | D:4      | Reached skill level 5 in Dodging
  3670 | D:4      | Reached skill level 2 in Shields
  3670 | D:4      | Reached skill level 2 in Unarmed Combat
  3670 | D:4      | Reached skill level 2 in Evocations
  4229 | D:4      | HP: 8/44 [ogre/+0 giant club (19)]
  4230 | D:4      | Reached XP level 7. HP: 9/50 MP: 3/15
  4231 | D:4      | Reached skill level 2 in Hexes
  4231 | D:4      | Reached skill level 2 in Summonings
  4231 | D:4      | Reached skill level 2 in Necromancy
  4231 | D:4      | Reached skill level 2 in Translocations
  4231 | D:4      | Reached skill level 2 in Transmutations
  4231 | D:4      | Reached skill level 2 in Ice Magic
  4231 | D:4      | Reached skill level 2 in Air Magic
  4231 | D:4      | Reached skill level 2 in Earth Magic
  4231 | D:4      | Reached skill level 2 in Poison Magic
  4231 | D:4      | Reached skill level 2 in Shapeshifting
  4503 | D:4      | Reached skill level 3 in Conjurations
  4733 | D:5      | Entered Level 5 of the Dungeon
  4917 | D:5      | Reached skill level 5 in Stealth
  5047 | D:5      | Reached skill level 3 in Invocations
  5757 | D:5      | Noticed Prince Ribbit
  5783 | D:5      | Killed Prince Ribbit
  5784 | D:5      | Reached skill level 3 in Fighting
  5784 | D:5      | Reached skill level 3 in Short Blades
  5784 | D:5      | Reached skill level 3 in Long Blades
  5784 | D:5      | Reached skill level 3 in Axes
  5784 | D:5      | Reached skill level 3 in Maces & Flails
  5784 | D:5      | Reached skill level 3 in Polearms
  5784 | D:5      | Reached skill level 3 in Staves
  5784 | D:5      | Reached skill level 3 in Ranged Weapons
  5784 | D:5      | Reached skill level 3 in Throwing
  5784 | D:5      | Reached skill level 3 in Armour
  5784 | D:5      | Reached skill level 3 in Shields
  5784 | D:5      | Reached skill level 3 in Unarmed Combat
  5784 | D:5      | Reached skill level 6 in Fire Magic
  5784 | D:5      | Reached skill level 3 in Evocations
  5784 | D:5      | Reached XP level 8. HP: 40/58 MP: 8/16
  6076 | D:6      | Reached skill level 6 in Spellcasting
  6612 | D:6      | Reached skill level 4 in Invocations
  6620 | D:6      | Reached skill level 3 in Hexes
  6620 | D:6      | Reached skill level 3 in Summonings
  6620 | D:6      | Reached skill level 3 in Necromancy
  6620 | D:6      | Reached skill level 3 in Translocations
  6620 | D:6      | Reached skill level 3 in Transmutations
  6620 | D:6      | Reached skill level 3 in Ice Magic
  6620 | D:6      | Reached skill level 3 in Air Magic
  6620 | D:6      | Reached skill level 3 in Earth Magic
  6620 | D:6      | Reached skill level 3 in Poison Magic
  6620 | D:6      | Reached skill level 3 in Shapeshifting
  6673 | D:6      | Reached skill level 6 in Dodging
  6882 | D:6      | Reached XP level 9. HP: 59/65 MP: 11/18
  6931 | D:6      | Found a burning altar of Makhleb.
  7081 | D:6      | Found a white marble altar of Elyvilon.
  7197 | D:6      | Reached skill level 4 in Fighting
  7197 | D:6      | Reached skill level 4 in Short Blades
  7197 | D:6      | Reached skill level 4 in Long Blades
  7197 | D:6      | Reached skill level 4 in Axes
  7197 | D:6      | Reached skill level 4 in Maces & Flails
  7197 | D:6      | Reached skill level 4 in Polearms
  7197 | D:6      | Reached skill level 4 in Staves
  7197 | D:6      | Reached skill level 4 in Ranged Weapons
  7197 | D:6      | Reached skill level 4 in Throwing
  7197 | D:6      | Reached skill level 4 in Armour
  7197 | D:6      | Reached skill level 4 in Shields
  7197 | D:6      | Reached skill level 4 in Unarmed Combat
  7197 | D:6      | Reached skill level 4 in Conjurations
  7197 | D:6      | Reached skill level 4 in Evocations
  7253 | D:6      | Identified the +1 helmet of Kekhih {rPois Slay+3 Stlth+}
  7346 | D:6      | Found a staircase to the Ecumenical Temple.
  7360 | Temple   | Entered the Ecumenical Temple
  7373 | Temple   | Became a worshipper of Vehumet
  7631 | D:6      | HP: 13/65 [wraith (6)]
  7634 | D:6      | Reached skill level 6 in Stealth
  7636 | D:6      | HP: 8/65 [wraith (5)]
  7638 | D:6      | HP: 2/65 [wraith (3)]
  7920 | D:7      | You fall into a shaft and drop 3 floors!
  7920 | D:10     | Entered Level 10 of the Dungeon
  7993 | D:10     | HP: 16/65 [something/puff of flame (11)]
  8211 | D:9      | Reached skill level 5 in Invocations
  8454 | D:8      | Found a glowing golden altar of the Shining One.
  8492 | D:8      | Reached * piety under Vehumet
  8492 | D:8      | Offered knowledge of Shock by Vehumet.
  8580 | D:8      | HP: 16/66 [poisoned by a killer bee]
  8772 | D:7      | Found an opulent altar of Gozag.
  8901 | D:7      | Reached skill level 7 in Spellcasting
  8910 | D:7      | HP: 15/66 [killer bee (4)]
  8914 | D:7      | Killed themself with a badly aimed concussive blast

Illustrated notes

Levels and vault maps discovered:
D:1:      kennysheep_arrival_forest, layout_basic, minmay_large_rounded_square,
          st_stairs_5, minmay_door_square, minmay_vboxes
D:2:      layout_rooms, basic_altar
D:3:      layout_basic, serial_shops, nicolae_shop_peninsula, grunt_decor_cap,
          chequers_garden, uniq_ijyb
D:4:      layout_cave_pods, amcnicky_altar_gilded, corexii_leaking_fountain
D:5:      layout_cave_pods, uniq_prince_ribbit1
D:6:      layout_basic, elyvilon_altar_4, bloody_makhleb,
          minmay_temple_entry_statues_pillars
D:7:      layout_cave_pools, grunt_gozag_breadcrumbs, serial_shops,
          nicolae_shop_tiny_glass
D:8:      layout_basic, nicolae_tso_besieged_by_evil, lemuel_round_altar
D:9:      layout_basic, lair_entry_dummy
D:10:     layout_cave_pools, nicolae_nh_oracle_at_delphi, uniq_lodul
Temple:   nicolae_temple_bog_church

Skill      XL: |  1  2  3  4  5  6  7  8  9 |
---------------+----------------------------+-----
Conjurations   | 2 3 4 |  4.5
Spellcasting   | 5 6 7 |  7.0
Invocations    | 1 2 3 4 5 |  5.2
Fighting       | 1 2 3 4 |  4.7
Short Blades   | 1 2 3 4 |  4.7
Long Blades    | 1 2 3 4 |  4.7
Axes           | 1 2 3 4 |  4.7
Maces & Flails | 1 2 3 4 |  4.7
Polearms       | 1 2 3 4 |  4.7
Staves         | 1 2 3 4 |  4.7
Ranged Weapons | 1 2 3 4 |  4.7
Throwing       | 1 2 3 4 |  4.7
Armour         | 1 2 3 4 |  4.7
Shields        | 1 2 3 4 |  4.7
Unarmed Combat | 1 2 3 4 |  4.7
Evocations     | 1 2 3 4 |  4.7
Hexes          | 1 2 3 |  3.9
Summonings     | 1 2 3 |  3.9
Necromancy     | 1 2 3 |  3.9
Translocations | 1 2 3 |  3.9
Transmutations | 1 2 3 |  3.9
Ice Magic      | 1 2 3 |  3.9
Air Magic      | 1 2 3 |  3.9
Earth Magic    | 1 2 3 |  3.9
Poison Magic   | 1 2 3 |  3.9
Shapeshifting  | 1 2 3 |  3.9
Dodging        | 5 6 |  6.6
Stealth        | 5 6 |  6.4
Fire Magic     | 6 |  6.8

Action                     |  1- 3 |  4- 6 |  7- 9 || total
---------------------------+-------+-------+-------++-------
  Melee: Dagger            |     6 |       |    44 ||    50
         Bite              |     2 |       |     6 ||     8
         Punch             |       |       |     1 ||     1
   Cast: Foxfire           |    65 |   141 |   271 ||   477
         Scorch            |       |     8 |    18 ||    26
         Volatile Blastmot |       |       |     1 ||     1
  Evoke: Wand              |       |       |     8 ||     8
    Use: Potion            |       |       |     2 ||     2
 Armour: Robe              |     7 |     5 |    42 ||    54
  Dodge: Dodged            |    34 |     6 |   139 ||   179

Table legend: (Time is in decaauts)
 A = Elapsed time spent in this place.
 B = Non-inter-level travel time spent in this place.
 C = Inter-level travel time spent in this place.
 D = Time resting spent in this place.
 E = Time spent auto-exploring this place.
 F = Levels seen in this place.
 G = Mean time per level.
                   A        B        C        D        E       F      G
               +--------+--------+--------+--------+--------+-----+--------+
         Total |   8902 |   8376 |    526 |    223 |   6939 |  11 |  809.3 |
       Dungeon |   8875 |   8373 |    502 |    223 |   6939 |  10 |  887.5 |
        Temple |     26 |      2 |     24 |      0 |      0 |   1 |   26.0 |
               +--------+--------+--------+--------+--------+-----+--------+

Top non-repeatable levels by time:
     D:6: 1800 daAuts
     D:4: 1719 daAuts
     D:1: 1328 daAuts
     D:5: 1160 daAuts
     D:3: 1046 daAuts
     D:2: 695 daAuts
     D:8: 322 daAuts
     D:7: 290 daAuts
    D:10: 262 daAuts
     D:9: 248 daAuts
  Temple: 26 daAuts

Levels and vault maps discovered:
D:1:      kennysheep_arrival_forest, layout_basic, minmay_large_rounded_square,
          st_stairs_5, minmay_door_square, minmay_vboxes
D:2:      layout_rooms, basic_altar
D:3:      layout_basic, serial_shops, nicolae_shop_peninsula, grunt_decor_cap,
          chequers_garden, uniq_ijyb
D:4:      layout_cave_pods, amcnicky_altar_gilded, corexii_leaking_fountain
D:5:      layout_cave_pods, uniq_prince_ribbit1
D:6:      layout_basic, elyvilon_altar_4, bloody_makhleb,
          minmay_temple_entry_statues_pillars
D:7:      layout_cave_pools, grunt_gozag_breadcrumbs, serial_shops,
          nicolae_shop_tiny_glass
D:8:      layout_basic, nicolae_tso_besieged_by_evil, lemuel_round_altar
D:9:      layout_basic, lair_entry_dummy
D:10:     layout_cave_pools, nicolae_nh_oracle_at_delphi, uniq_lodul
Temple:   nicolae_temple_bog_church

Table legend: (Time is in decaauts)
 A = Elapsed time spent in this place.
 B = Non-inter-level travel time spent in this place.
 C = Inter-level travel time spent in this place.
 D = Time resting spent in this place.
 E = Time spent auto-exploring this place.
 F = Levels seen in this place.
 G = Mean time per level.
                   A        B        C        D        E       F      G
               +--------+--------+--------+--------+--------+-----+--------+
         Total |   8902 |   8376 |    526 |    223 |   6939 |  11 |  809.3 |
       Dungeon |   8875 |   8373 |    502 |    223 |   6939 |  10 |  887.5 |
        Temple |     26 |      2 |     24 |      0 |      0 |   1 |   26.0 |
               +--------+--------+--------+--------+--------+-----+--------+

Top non-repeatable levels by time:
     D:6: 1800 daAuts
     D:4: 1719 daAuts
     D:1: 1328 daAuts
     D:5: 1160 daAuts
     D:3: 1046 daAuts
     D:2: 695 daAuts
     D:8: 322 daAuts
     D:7: 290 daAuts
    D:10: 262 daAuts
     D:9: 248 daAuts
  Temple: 26 daAuts

Table legend:
 A = Kills in this place as a percentage of kills in the entire game.
 B = Kills by you in this place as a percentage of kills by you in the entire game.
 C = Kills by friends in this place as a percentage of kills by friends in the entire game.
 D = Other kills in this place as a percentage of other kills in the entire game.
 E = Experience gained in this place as a percentage of experience gained in the entire game.
 F = Experience gained in this place divided by the number of levels of this place that you have seen.
                   A       B       C       D       E      F
               +-------+-------+-------+-------+-------+----------------------
         Total | 100.0 | 100.0 |   N/A |   N/A | 100.0 | 400.1
       Dungeon | 100.0 | 100.0 |   N/A |   N/A | 100.0 | 440.1
               +-------+-------+-------+-------+-------+----------------------
